SAAA
BAY CITY BOMBERS @ NAPERVILLE BATTLEKINGS
08/30/2018
 
TOP OF THE 1ST
Bay City Bombers batting - Pitching for Naperville Battlekings : RHP Raúl Areola
Pitching: RHP Raúl Areola
Batting: RHB Joaquín Parra 0-0: Ball
1-0: Ball
2-0: Foul Ball, location: 2F
2-1: Ground out 5-3 (Groundball, 56S)
Batting: LHB Bastyão Lizardo 0-0: Ball
1-0: Foul Ball, location: 2F
1-1: SINGLE (Flyball, 7S)
Batting: LHB Mito Rin 0-0: Foul Ball, location: 2F
0-1: Fly out, F3 (Line Drive, 3L)
0-1: Lined into DP, U3 (Line Drive, 3L)
Top of the 1st over - 0 run(s), 1 hit(s), 0 error(s), 0 left on base; Bay City 0 - Naperville 0
BOTTOM OF THE 1ST
Naperville Battlekings batting - Pitching for Bay City Bombers : RHP Jim Unknown
Pitching: RHP Jim Unknown
Batting: RHB Joe Ferneyhough 0-0: Ball
1-0: Ball
2-0: Ball
3-0: Base on Balls
Batting: RHB Marcus Wade 0-0: Ball
1-0: Ball
2-0: Called Strike
2-1: Foul Ball, location: 2F
2-2: Grounds into double play, 6-4-3 (Groundball, 6M)
Batting: LHB Chris Hill 0-0: Ball
1-0: Called Strike
1-1: Foul Ball, location: 2F
1-2: Fly out, F5 (Popup, 5F)
Bottom of the 1st over - 0 run(s), 0 hit(s), 0 error(s), 0 left on base; Bay City 0 - Naperville 0
TOP OF THE 2ND
Bay City Bombers batting - Pitching for Naperville Battlekings : RHP Raúl Areola
Batting: RHB Pedro Morales 0-0: Ball
1-0: Ball
2-0: Swinging Strike
2-1: Ball
3-1: Base on Balls
Batting: RHB Luis Díaz 0-0: Ball
1-0: Fly out, F8 (Flyball, 8RM)
Batting: SHB Stephen Fraven 0-0: Ball
Pedro Morales steals 2nd base
1-0: Fly out, F7 (Flyball, 78D)
Batting: LHB Guy Riley 0-0: Ball
1-0: Swinging Strike
1-1: Ball
2-1: Ground out 3-1 (Groundball, 34)
Top of the 2nd over - 0 run(s), 0 hit(s), 0 error(s), 1 left on base; Bay City 0 - Naperville 0
BOTTOM OF THE 2ND
Naperville Battlekings batting - Pitching for Bay City Bombers : RHP Jim Unknown
Batting: RHB Max White 0-0: Foul Ball, location: 2F
0-1: Ball
1-1: SOLO HOME RUN (Flyball, 7D), Distance : 383 ft
Batting: SHB Omar Gutiérrez 0-0: SINGLE (Groundball, 34D)
Batting: RHB Carlos Gómez 0-0: Foul Ball, location: 2F
0-1: Swinging Strike
0-2: Foul Ball, location: 2F
0-2: Ball
1-2: Grounds into double play, 6-4-3 (Groundball, 6)
Batting: RHB John Warner 0-0: Ground out U3 (Groundball, 3S)
Bottom of the 2nd over - 1 run(s), 2 hit(s), 0 error(s), 0 left on base; Bay City 0 - Naperville 1
TOP OF THE 3RD
Bay City Bombers batting - Pitching for Naperville Battlekings : RHP Raúl Areola
Batting: RHB Barry Martínez 0-0: Foul Ball, location: 2F
0-1: Ball
1-1: Ground out 4-3 (Groundball, 4)
Batting: LHB John Doyle 0-0: Called Strike
0-1: Ball
1-1: Ball
2-1: Fly out, F5 (Popup, 5D)
Batting: RHB Joaquín Parra 0-0: Called Strike
0-1: Foul Ball, location: 2F
0-2: Ball
1-2: Foul Ball, location: 2F
1-2: Foul Ball, location: 2F
1-2: Foul Ball, location: 2F
1-2: Ball
2-2: SINGLE (Line Drive, 6MD)
Batting: LHB Bastyão Lizardo 0-0: Fly out, F7 (Flyball, 7M)
Top of the 3rd over - 0 run(s), 1 hit(s), 0 error(s), 1 left on base; Bay City 0 - Naperville 1
BOTTOM OF THE 3RD
Naperville Battlekings batting - Pitching for Bay City Bombers : RHP Jim Unknown
Batting: RHB Alfredo López 0-0: Foul Ball, location: 2F
0-1: Ground out 6-3 (Groundball, 6MS)
Batting: RHB Otso Tuulari 0-0: Called Strike
0-1: Foul Ball, location: 2F
0-2: Ball
1-2: Ball
2-2: Ball
3-2: Fly out, F9 (Flyball, 9M)
Batting: RHB Joe Ferneyhough 0-0: Called Strike
0-1: Ball
1-1: Ground out 4-3 (Groundball, 4)
Bottom of the 3rd over - 0 run(s), 0 hit(s), 0 error(s), 0 left on base; Bay City 0 - Naperville 1
TOP OF THE 4TH
Bay City Bombers batting - Pitching for Naperville Battlekings : RHP Raúl Areola
Batting: LHB Mito Rin 0-0: Fly out, F7 (Flyball, 7S)
Batting: RHB Pedro Morales 0-0: Swinging Strike
0-1: Ball
1-1: Called Strike
1-2: Fly out, F7 (Flyball, 78S)
Batting: RHB Luis Díaz 0-0: Ball
1-0: Called Strike
1-1: Swinging Strike
1-2: Strikes out swinging
Top of the 4th over - 0 run(s), 0 hit(s), 0 error(s), 0 left on base; Bay City 0 - Naperville 1
BOTTOM OF THE 4TH
Naperville Battlekings batting - Pitching for Bay City Bombers : RHP Jim Unknown
Batting: RHB Marcus Wade 0-0: Called Strike
0-1: Foul Ball, location: 2F
0-2: Ball
1-2: Foul Ball, location: 2F
1-2: Ball
2-2: Fly out, F7 (Flyball, 78S)
Batting: LHB Chris Hill 0-0: Ball
1-0: Foul Ball, location: 2F
1-1: Foul Ball, location: 2F
1-2: Foul Ball, location: 2F
1-2: Strikes out swinging
Batting: RHB Max White 0-0: Swinging Strike
0-1: Ball
1-1: Ball
2-1: Foul Ball, location: 2F
2-2: Fly out, F6 (Popup, 6)
Bottom of the 4th over - 0 run(s), 0 hit(s), 0 error(s), 0 left on base; Bay City 0 - Naperville 1
TOP OF THE 5TH
Bay City Bombers batting - Pitching for Naperville Battlekings : RHP Raúl Areola
Batting: SHB Stephen Fraven 0-0: Ground out 5-3 (Groundball, 56)
Batting: LHB Guy Riley 0-0: Ball
1-0: Called Strike
1-1: SINGLE (Groundball, 56D)
Batting: RHB Barry Martínez 0-0: SINGLE (Flyball, 9LM)
Guy Riley to second
Throwing error, E9
Guy Riley scores
Barry Martínez to second
Batting: LHB John Doyle 0-0: Swinging Strike
0-1: Foul Ball, location: 2F
0-2: Ball
1-2: Ball
2-2: Ball
3-2: Foul Ball, location: 2F
3-2: Foul Ball, location: 2F
3-2: Base on Balls
Batting: RHB Joaquín Parra 0-0: Swinging Strike
0-1: Swinging Strike
0-2: Ball
1-2: Ball
2-2: Strikes out swinging
Batting: LHB Bastyão Lizardo 0-0: Foul Ball, location: 2F
0-1: Called Strike
0-2: Ball
1-2: Strikes out swinging
Top of the 5th over - 1 run(s), 2 hit(s), 1 error(s), 2 left on base; Bay City 1 - Naperville 1
BOTTOM OF THE 5TH
Naperville Battlekings batting - Pitching for Bay City Bombers : RHP Jim Unknown
Batting: SHB Omar Gutiérrez 0-0: Ball
1-0: SOLO HOME RUN (Line Drive, 9D), Distance : 359 ft
Batting: RHB Carlos Gómez 0-0: Ball
1-0: Ball
2-0: Ball
3-0: Called Strike
3-1: Called Strike
3-2: Foul Ball, location: 2F
3-2: Fly out, F6 (Popup, 5D)
Batting: RHB John Warner 0-0: Ball
1-0: Ground out 6-3 (Groundball, 6)
Batting: RHB Alfredo López 0-0: Ball
1-0: Called Strike
1-1: Foul Ball, location: 2F
1-2: Ball
2-2: Fly out, F8 (Flyball, 78XD)
Bottom of the 5th over - 1 run(s), 1 hit(s), 0 error(s), 0 left on base; Bay City 1 - Naperville 2
TOP OF THE 6TH
Bay City Bombers batting - Pitching for Naperville Battlekings : RHP Raúl Areola
Batting: LHB Mito Rin 0-0: Ball
1-0: Called Strike
1-1: Ball
2-1: Ground out 6-3 (Groundball, 6MS)
Batting: RHB Pedro Morales 0-0: Ball
1-0: SOLO HOME RUN (Line Drive, 8LXD), Distance : 439 ft
Batting: RHB Luis Díaz 0-0: Ball
1-0: Foul Ball, location: 2F
1-1: Swinging Strike
1-2: Ball
2-2: Strikes out swinging
Batting: SHB Stephen Fraven 0-0: Ball
1-0: Reached on error, E5 (Groundball, 5)
Batting: LHB Guy Riley 0-0: Foul Ball, location: 2F
0-1: Foul Ball, location: 2F
0-2: Ball
1-2: Foul Ball, location: 2F
1-2: Ball
2-2: Foul Ball, location: 2F
2-2: Foul Ball, location: 2F
2-2: Foul Ball, location: 2F
2-2: Ball
3-2: Strikes out looking
Top of the 6th over - 1 run(s), 1 hit(s), 1 error(s), 1 left on base; Bay City 2 - Naperville 2
BOTTOM OF THE 6TH
Naperville Battlekings batting - Pitching for Bay City Bombers : RHP Jim Unknown
Batting: RHB Otso Tuulari 0-0: Foul Ball, location: 2F
0-1: Foul Ball, location: 2F
0-2: Ball
1-2: Ground out 1-3 (Groundball, 25)
Batting: RHB Joe Ferneyhough 0-0: Ball
1-0: Ball
2-0: Ball
3-0: Base on Balls
Batting: RHB Marcus Wade 0-0: Ball
Joe Ferneyhough steals 2nd base
1-0: Called Strike
1-1: Ground out 3-4 (Groundball, 3L)
Joe Ferneyhough to third
Batting: LHB Chris Hill 0-0: Ball
1-0: Ball
2-0: SINGLE (Groundball, 56D) (infield hit)
Joe Ferneyhough scores
Batting: RHB Max White 0-0: Called Strike
0-1: Foul Ball, location: 2F
0-2: Fly out, F8 (Flyball, 8LS)
Bottom of the 6th over - 1 run(s), 1 hit(s), 0 error(s), 1 left on base; Bay City 2 - Naperville 3
TOP OF THE 7TH
Bay City Bombers batting - Pitching for Naperville Battlekings : RHP Raúl Areola
Batting: RHB Barry Martínez 0-0: Ball
1-0: Called Strike
1-1: Swinging Strike
1-2: Fly out, F9 (Flyball, 89D)
Batting: LHB John Doyle 0-0: Called Strike
0-1: Ball
1-1: DOUBLE (Groundball, 3L)
Batting: RHB Joaquín Parra 0-0: Ball
1-0: Fly out, F9 (Flyball, 9LMF)
Pinch Hitting: LHB Brad Shockley 0-0: 2-RUN HOME RUN (Line Drive, 9LD), Distance : 354 ft
Batting: LHB Mito Rin 0-0: SINGLE (Line Drive, 6MD)
Batting: RHB Pedro Morales 0-0: Ball
1-0: Swinging Strike
1-1: Ball
2-1: Foul Ball, location: 2F
2-2: Ball
3-2: DOUBLE (Groundball, 3L)
Mito Rin to third
Mito Rin scores
Pitching: RHP William Taylor
Batting: RHB Luis Díaz 0-0: Swinging Strike
0-1: Called Strike
0-2: SINGLE (Line Drive, 9M)
Pedro Morales to third
Runner from 3rd tries for Home, SAFE, no throw or cutoff
Batting: SHB Stephen Fraven 0-0: Fly out, F8 (Flyball, 8RXD)
Top of the 7th over - 4 run(s), 5 hit(s), 0 error(s), 1 left on base; Bay City 6 - Naperville 3
BOTTOM OF THE 7TH
Naperville Battlekings batting - Pitching for Bay City Bombers : RHP Jim Unknown
Now at 1B: Brad Shockley
Batting: SHB Omar Gutiérrez 0-0: Fly out, F8 (Flyball, 89D)
Batting: RHB Carlos Gómez 0-0: Called Strike
0-1: Ball
1-1: Swinging Strike
1-2: Strikes out swinging
Batting: RHB John Warner 0-0: Called Strike
0-1: Ball
1-1: Ball
2-1: Ball
3-1: Swinging Strike
3-2: Ground out 5-3 (Groundball, 56)
Bottom of the 7th over - 0 run(s), 0 hit(s), 0 error(s), 0 left on base; Bay City 6 - Naperville 3
TOP OF THE 8TH
Bay City Bombers batting - Pitching for Naperville Battlekings : RHP William Taylor
Batting: LHB Guy Riley 0-0: Swinging Strike
0-1: Swinging Strike
0-2: Ball
1-2: Ball
2-2: Ball
3-2: Base on Balls
Batting: RHB Barry Martínez 0-0: Called Strike
0-1: Ball
1-1: Ball
2-1: Ball
3-1: Swinging Strike
3-2: Foul Ball, location: 2F
3-2: Ground out 4-3 (Groundball, 4)
Guy Riley to second
Batting: LHB John Doyle 0-0: Intentional Walk
Batting: RHB Joaquín Parra 0-0: Called Strike
0-1: Grounds into double play, U4-3 (Groundball, 4)
Top of the 8th over - 0 run(s), 0 hit(s), 0 error(s), 1 left on base; Bay City 6 - Naperville 3
BOTTOM OF THE 8TH
Naperville Battlekings batting - Pitching for Bay City Bombers : RHP Jim Unknown
Batting: RHB Alfredo López 0-0: SOLO HOME RUN (Flyball, 78XD), Distance : 396 ft
Batting: RHB Otso Tuulari 0-0: Called Strike
0-1: Ball
1-1: Foul Ball, location: 2F
1-2: Foul Ball, location: 2F
1-2: Ball
2-2: Ball
3-2: Foul Ball, location: 2F
3-2: Base on Balls
Pitching: LHP Jim Unknown
Batting: RHB Joe Ferneyhough 0-0: Called Strike
0-1: Ball
1-1: Foul Ball, location: 2F
1-2: DOUBLE (Groundball, 5L)
Otso Tuulari to third
Batting: RHB Marcus Wade 0-0: Called Strike
0-1: Swinging Strike
0-2: DOUBLE (Flyball, 8LXD)
Otso Tuulari scores
Joe Ferneyhough scores
Batting: LHB Chris Hill 0-0: Ball
1-0: Ball
2-0: SINGLE (Line Drive, 5D)
Marcus Wade to third
Batting: RHB Max White 0-0: Called Strike
0-1: Ball
1-1: Foul Ball, location: 2F
1-2: Strikes out looking
Batting: SHB Omar Gutiérrez 0-0: Called Strike
0-1: Ball
1-1: Called Strike
1-2: Foul Ball, location: 2F
1-2: Ball
2-2: Foul Ball, location: 2F
2-2: Strikes out swinging
Batting: RHB Carlos Gómez 0-0: Swinging Strike
0-1: Foul Ball, location: 2F
0-2: Ball
1-2: Foul Ball, location: 2F
1-2: Strikes out swinging
Bottom of the 8th over - 3 run(s), 4 hit(s), 0 error(s), 2 left on base; Bay City 6 - Naperville 6
TOP OF THE 9TH
Bay City Bombers batting - Pitching for Naperville Battlekings : RHP William Taylor
Batting: LHB Brad Shockley 0-0: Called Strike
0-1: Foul Ball, location: 2F
0-2: Ground out 3-1 (Groundball, 34)
Pinch Hitting: LHB Tony Martínez 0-0: Called Strike
0-1: Swinging Strike
0-2: Foul Ball, location: 2F
0-2: TRIPLE (Groundball, 3L)
Batting: RHB Pedro Morales 0-0: Intentional Walk
Batting: RHB Luis Díaz 0-0: Ball
1-0: Called Strike
1-1: Ball
2-1: SINGLE (Groundball, 6MD)
Tony Martínez scores
Pedro Morales to second
Pitching: RHP Ron Kennedy
Batting: SHB Stephen Fraven 0-0: Ball
1-0: DOUBLE (Flyball, 8RXD)
Pedro Morales scores
Luis Díaz to third
Batting: LHB Guy Riley 0-0: Intentional Walk
Pinch Hitting: RHB Millard Watson 0-0: Ball
1-0: Ball
2-0: Called Strike
2-1: Ball
3-1: DOUBLE (Line Drive, 9LM)
Luis Díaz scores
Stephen Fraven scores
Guy Riley to third
Batting: LHB John Doyle 0-0: Intentional Walk
Batting: RHB Joaquín Parra 0-0: Ball
1-0: Ball
2-0: Grounds into double play, 2-6-3 (Groundball, 2L)
Top of the 9th over - 4 run(s), 4 hit(s), 0 error(s), 2 left on base; Bay City 10 - Naperville 6
BOTTOM OF THE 9TH
Naperville Battlekings batting - Pitching for Bay City Bombers : LHP Jim Unknown
Now at C: Tony Martínez
Now in LF: Millard Watson
Batting: RHB John Warner 0-0: Fly out, F2 (Popup, 2RF)
Batting: RHB Alfredo López 0-0: Called Strike
0-1: Swinging Strike
0-2: SINGLE (Groundball, 6MD) (infield hit)
Batting: RHB Otso Tuulari 0-0: Ball
1-0: Called Strike
1-1: Ball
2-1: Ball
3-1: Fly out, F8 (Flyball, 8LM)
Batting: RHB Joe Ferneyhough 0-0: Ball
1-0: Ground out 1-3 (Groundball, 13S)
Bottom of the 9th over - 0 run(s), 1 hit(s), 0 error(s), 1 left on base; Bay City 10 - Naperville 6
This league is powered by Out of the Park Baseball, the baseball management simulation game for PC, Mac and Linux
Monday, May 4th, 2015 - OOTP Baseball 15.6 Build 34